Map: Stasis LE

Players

shked

  • Race: Protoss Protoss
  • League: Gold
  • Spawn Location: 1:00

Yocto - Winner!

  • Race: Zerg Zerg
  • Spawn Location: 11:00

VOD

Have the link to the VOD?

Description

Time

  • Played on: Dec. 19, 2018, 2:10 a.m.
  • Length: 22:37
Show
View Real Time Build Order
Export as new Build Order

shked Protoss 

Build Orders: Phoenix Opening, Carriers 

Get SALT Encoding   

  12  0:01  Probe  
  13  0:17  Probe  
  13  0:19  Pylon  
  14  0:25  Probe  
  15  0:39  Probe  
  16  0:43  Gateway  
  16  0:54  Assimilator  
  16  1:02  Probe  
  16  1:10  Probe  
  18  1:38  Cybernetics Core  
  18  1:40  Pylon  
  18  1:46  Nexus  
  18  1:53  Probe  
  19  2:05  Probe  
  19  2:06  Assimilator  
  20  2:17  Probe  
  20  2:22  Gateway  
  21  2:29  Probe  
  22  2:33  Pylon  
  22  2:42  Probe  
  22  2:51  Gateway  
  22  2:54  Probe  
  23  3:01  Probe  
  24  3:09  Stargate  
  24  3:11  Probe  
  25  3:13  Probe  
  27  3:20  Adept  
  27  3:28  Protoss Air Weapons Level 1  
  27  3:29  Probe  
  28  3:35  Probe, Stalker  
  28  3:41  Probe  
  32  3:50  Phoenix  
  34  3:59  Probe x2  
  36  4:04  Pylon  
  36  4:18  Probe  
  36  4:23  Robotics Facility  
  37  4:45  Fleet Beacon  
  37  4:48  Stargate  
  37  4:51  Probe x2  
  39  4:54  Assimilator  
  39  4:58  Assimilator  
  39  5:00  Shield Battery  
  39  5:06  Forge  
  39  5:13  Void Ray  
  41  5:37  Probe x2  
  41  5:41  Carrier  
  49  5:59  Probe x2  
  51  6:04  Protoss Air Weapons Level 2  
  51  6:07  Carrier  
  51  6:11  Probe  
  58  6:43  Shield Battery  
  58  6:44  Photon Cannon  
  58  6:46  Photon Cannon  
  58  6:51  Probe x2  
  60  7:01  Protoss Shields Level 1  
  60  7:03  Pylon  
  60  7:06  Carrier  
  66  7:33  Pylon  
  66  7:35  Pylon  
  66  7:41  Carrier  
  66  7:47  Probe  
  66  7:48  Probe  
  68  7:57  Carrier  
  74  7:58  Pylon  
  74  8:00  Pylon  
  80  8:44  Carrier  
  86  9:00  Pylon  
  68  9:33  Carrier  
  74  9:47  Probe  
  75  9:59  Probe  
  76  10:00  Pylon  
  76  10:11  Probe  
  47  11:18  Nexus  
  47  11:22  Pylon  
Show
View Real Time Build Order
Export as new Build Order

Yocto Zerg - Winner!

Build Orders: Hatch First 

Get SALT Encoding   

  12  0:01  Drone  
  13  0:16  Overlord  
  13  0:19  Drone  
  14  0:38  Drone x2  
  14  0:40  Drone  
  17  1:00  Hatchery  
  17  1:01  Drone  
  17  1:03  Drone  
  18  1:07  Extractor  
  17  1:25  Spawning Pool  
  16  1:26  Drone  
  16  1:28  Drone  
  19  1:32  Drone  
  19  1:53  Overlord  
  19  1:55  Drone  
  20  2:10  Drone  
  21  2:15  Hatchery  
  21  2:22  Zergling x4  
  22  2:28  Queen  
  24  2:33  Metabolic Boost  
  24  2:40  Queen  
  26  2:52  Drone x3  
  29  3:03  Overlord  
  29  3:06  Drone x3  
  32  3:24  Drone x3  
  35  3:27  Queen  
  37  3:35  Lair  
  37  3:38  Drone x3  
  40  3:42  Drone x2  
  42  3:50  Drone x3  
  45  4:03  Roach Warren  
  45  4:04  Drone x4  
  45  4:06  Extractor  
  45  4:09  Extractor  
  46  4:18  Queen  
  48  4:25  Spore Crawler  
  48  4:29  Drone x3  
  50  4:33  Overlord x3  
  50  4:45  Extractor  
  49  4:51  Spore Crawler  
  48  5:01  Hydralisk Den  
  48  5:07  Drone x3  
  48  5:09  Drone x3  
  48  5:13  Drone  
  54  5:15  Glial Reconstitution  
  54  5:20  Drone  
  56  5:21  Drone x3  
  58  5:35  Muscular Augments  
  58  5:37  Overlord x2  
  58  5:38  Overlord x3  
  58  5:48  Overseer  
  58  5:52  Overlord x4  
  58  5:55  Queen x2  
  62  6:02  Drone x7  
  62  6:03  Drone  
  70  6:06  Extractor  
  70  6:08  Extractor  
  70  6:09  Drone x3  
  70  6:10  Drone  
  72  6:25  Roach x6  
  84  6:26  Roach  
  86  6:35  Hydralisk x3  
  92  6:45  Pneumatized Carapace  
  92  6:50  Hydralisk x6  
  104  7:03  Drone  
  104  7:04  Drone x2  
  104  7:06  Drone x2  
  104  7:08  Roach x5  
  119  7:09  Roach x2  
  123  7:21  Overlord x3  
  123  7:22  Overlord  
  123  7:46  Zergling x14  
  123  7:47  Zergling x8  
  134  7:52  Baneling Nest  
  134  7:53  Ravager x3  
  134  7:54  Ravager x5  
  134  7:58  Ravager x5  
  146  8:02  Overlord  
  146  8:03  Overlord x2  
  146  8:10  Drone x3  
  149  8:25  Hatchery  
  149  8:26  Zergling x8  
  149  8:27  Zergling x2  
  153  8:31  Zergling x12  
  159  8:40  Baneling x12  
  159  8:41  Baneling x13  
  159  8:43  Baneling  
  159  8:49  Overlord x3  
  110  9:30  Zergling x12  
  110  9:31  Zergling x30  
  97  9:38  Zergling x2  
  97  9:39  Zergling x2  
  99  9:50  Hydralisk x3  
  105  9:58  Hydralisk x3  
  101  10:07  Spore Crawler  
  101  10:09  Spore Crawler  
  101  10:10  Spore Crawler  
  101  10:11  Spore Crawler  
  101  10:12  Spore Crawler  
  92  10:14  Hydralisk x3  
  92  10:15  Hydralisk x3  
  101  10:22  Lair  
  101  10:26  Spore Crawler  
  101  10:27  Spore Crawler x2  
  101  10:28  Spore Crawler x2  
  95  10:29  Spore Crawler x3  
  89  10:37  Spore Crawler x2  
  89  10:39  Spore Crawler  
  89  10:41  Spore Crawler  
  71  11:08  Spore Crawler  
  71  11:09  Spore Crawler x2  
  68  11:11  Spore Crawler  
  57  11:38  Hydralisk Den  
  49  12:13  Hydralisk x9  
  49  12:14  Hydralisk x3  
  53  12:25  Spawning Pool  
  53  12:29  Hydralisk x2  
  53  12:42  Hydralisk x2  
  57  12:57  Hydralisk x3  
  61  13:15  Zergling x6  
  64  13:26  Zergling x4  
  66  13:44  Spore Crawler x2  
  60  13:53  Drone x3  
  60  13:54  Drone x2  
  25  14:33  Spore Crawler x2  
  25  14:35  Drone  
  25  14:36  Spore Crawler, Drone  
  25  14:38  Spore Crawler  
  23  15:23  Hydralisk x2  
  23  15:24  Hydralisk x3  
  33  15:31  Drone x2  
  31  16:07  Extractor  
  31  16:09  Extractor  
  10  16:42  Drone x8  
  18  16:55  Drone  
  18  17:00  Spore Crawler x2  
  17  17:03  Spore Crawler  
  17  17:04  Spore Crawler  
  15  17:09  Drone  
  16  17:38  Zergling x6  
  17  17:54  Hatchery  
  17  18:36  Spore Crawler  
  17  18:37  Drone x3  
  19  18:45  Spore Crawler  
  19  18:46  Spore Crawler  
  16  19:05  Drone  
  16  19:06  Drone  
  18  19:14  Spawning Pool  
  17  19:54  Hatchery  
  16  20:04  Drone x3  
  19  20:49  Spore Crawler  
  18  20:52  Spore Crawler  
  18  20:53  Spore Crawler  
  18  20:56  Spore Crawler  
  15  21:00  Zergling x4  
  17  21:05  Drone  
  17  21:11  Drone  
  19  21:17  Drone  
  18  21:42  Drone x4  
  22  21:52  Drone  
  23  21:57  Spore Crawler  
  22  22:03  Drone x2  
  24  22:11  Drone x2  
  26  22:18  Drone x2  
  28  22:33  Spore Crawler  
  27  22:34  Spore Crawler  
Tags
 
Composition
Carriers
League
Gold
Matchup
PvZ
Replay Pack
Yocto
Spawn Locations
Close Positions
Add a new tag
Caveats
  • Supply blocks, unpowered buildings, or Contaminate may cause inaccurate times.
  • Supply counts are checked every 10 seconds.